 Dungeon Crawl Stone Soup version 0.14-a0-519-g334afa2 (webtiles) character file.

325 MackTheKnife the Twirler (level 5, 0/32 HPs)
             Began as a Tengu Gladiator on Nov 1, 2013.
             Succumbed to a kobold's poison
             ... on Level 3 of the Dungeon.
             The game lasted 00:03:04 (2325 turns).

MackTheKnife the Twirler (Tengu Gladiator)          Turns: 2325, Time: 00:03:05

HP   0/32        AC  3     Str 16      XL: 5   Next: 54%
MP   6/6         EV 12     Int  8      God:
Gold 151         SH  0     Dex 15      Spells:  0 memorised,  4 levels left

Res.Fire  : . . .   See Invis. : .   a - +0 quarterstaff
Res.Cold  : . . .   Warding    : .   b - +0 leather armour
Life Prot.: . . .   Conserve   : .   (no shield)
Res.Poison: .       Res.Corr.  : .   c - +0 cap
Res.Elec. : .       Clarity    : .   (no cloak)
Sust.Abil.: . .     Spirit.Shd : .   (no gloves)
Res.Mut.  : .       Stasis     : .   (boots unavailable)
Res.Rott. : .       Flight     : .   (no amulet)
Saprovore : . . .                    (no ring)
                                     (no ring)

@: invisible, mildly poisoned, slightly resistant to hostile enchantments,
unstealthy
A: able to fly, beak, talons 3
a: Fly


You were on level 3 of the Dungeon.
You were not hungry.

You visited 1 branch of the dungeon, and saw 3 of its levels.

You collected 151 gold pieces.


Innate Abilities, Weirdness & Mutations

You can fly.
You have a beak for a mouth.
You have claws for feet.


   Skills:
 - Level 2.0 Fighting
 + Level 6.6 Staves
 - Level 2.1 Throwing
 - Level 3.2 Dodging


You had 4 spell levels left.
You didn't know any spells.

Inventory:

Hand weapons
 a - a +0,+0 quarterstaff (weapon)
Missiles
 d - 3 throwing nets (quivered)
Armour
 b - a +0 leather armour (worn)
 c - a +0 cap (worn)
Magical devices
 o - a wand of enslavement (11)
Comestibles
 f - 2 bread rations
 j - a meat ration
Scrolls
 i - 2 scrolls of identify {unknown}
 k - 3 scrolls of remove curse {unknown}
 l - a scroll of teleportation {unknown}
 n - a scroll of curse jewellery {unknown}
 p - a scroll of noise {unknown}
 q - a scroll of blinking {unknown}
 r - a scroll of amnesia {unknown}
 s - a scroll of enchant weapon II {unknown}
 t - a scroll of curse weapon {unknown}
 u - a scroll of curse armour {unknown}
Potions
 e - 2 potions of invisibility
 g - a potion of might {unknown}
 h - a potion of agility {unknown}
 m - a potion of magic {unknown}
Books
 v - a book of Minor Magic

   Spells                             Type                      Level
   Magic Dart                         Conjuration                  1
   Blink                              Translocation                2
   Call Imp                           Summoning                    2
   Repel Missiles                     Charms/Air                   2
   Slow                               Hexes                        2
   Conjure Flame                      Conjuration/Fire             3
   Mephitic Cloud                     Conjuration/Poison/Air       3

▒▒·· · ·b▒ · ▒· ▒ ▒S▒ ▒·▒ ·▒▒ ▒
▒K▒ ▒▒+▒▒ ▒·▒ ··▒ ▒ ▒·▒▒▒···▒▒
▒·▒ ▒·▒ ▒ ·▒▒▒·▒▒▒·▒▒·····▒▒
▒·▒ ▒·▒ ▒ ·······K·▒·······▒▒
▒▒·▒▒▒·▒▒▒
▒▒···▒▒▒▒S········▒▒▒▒·········
(· +··g··H···'············
▒·····[···▒▒▒▒···▒▒·▒▒▒
▒▒·······▒▒ ▒▒·▒▒▒·▒ ▒▒·····▒▒
▒▒▒▒▒·▒ ▒▒···▒▒ ▒··▒ ▒▒+▒▒ ▒·▒▒
▒·▒ ▒·▒ ▒·▒


You could see a gnoll, an adder and a kobold.


Message History

The gnoll throws a throwing net.
The throwing net hits you!
You become entangled in the net!
The kobold wields a blowgun.
The kobold shoots a poisoned needle.
The poisoned needle hits you!
You are poisoned.
You struggle against the net.
You feel sick.
The gnoll unwields an uncursed club.
The gnoll drops an uncursed club.
The gnoll picks up a spear.
The gnoll wields a spear.
You try to slip out of the net.
You feel sick.
You are feeling hungry.
The gnoll hits you with a spear.
A bat comes into view.
You struggle against the net.
You feel sick. The gnoll hits you with a spear!
* * * LOW HITPOINT WARNING * * *
You rip the net and break free!
* * * LOW HITPOINT WARNING * * *
You feel sick.
* * * LOW HITPOINT WARNING * * *
You feel sick. The gnoll hits you but does no damage.
The gnoll hits you from afar with a spear!
* * * LOW HITPOINT WARNING * * *
* * * LOW HITPOINT WARNING * * *
You feel sick.
The kobold shoots a poisoned needle.
The poisoned needle misses you.
* * * LOW HITPOINT WARNING * * *
You feel sick.
You see here a poisoned needle.
Drink which item? (? for menu, Esc to quit)
You fade into invisibility!
It was a potion of invisibility.
You die...

Action                   |  1- 3 |  4- 6 || total
-------------------------+-------+-------++-------
Melee: Quarterstaff      |    80 |    69 ||   149
Evoke: Wand              |     1 |       ||     1
  Use: Potion            |       |     1 ||     1
 Stab: Sleeping          |     1 |       ||     1

Vault maps used:
D:1:      erik_entry_gehennom
D:2:      lemuel_zombie_altar_kikubaaqudgha, led_sif_pool

Notes
Turn   | Place    | Note
--------------------------------------------------------------
     0 | D:1      | MackTheKnife, the Tengu Gladiator, began the quest for the Orb.
     0 | D:1      | Reached XP level 1. HP: 13/13 MP: 0/0
   106 | D:1      | Reached XP level 2. HP: 12/18 MP: 2/2
   182 | D:1      | Reached skill level 4 in Staves
   585 | D:1      | Reached XP level 3. HP: 22/22 MP: 3/3
   860 | D:2      | Reached skill level 5 in Staves
  1069 | D:2      | Reached XP level 4. HP: 24/28 MP: 4/4
  1209 | D:2      | Found an ancient bone altar of Kikubaaqudgha.
  1406 | D:2      | Reached skill level 6 in Staves
  1579 | D:2      | Reached XP level 5. HP: 20/32 MP: 6/6
  1924 | D:2      | Found a deep blue altar of Sif Muna.
  2321 | D:3      | HP: 3/32 [gnoll/spear (8)]
  2324 | D:3      | HP: 1/32 [poisoned by a kobold]
  2325 | D:3      | Succumbed to a kobold's poison

Vanquished Creatures
  A giant goldfish zombie (D:2)
  2 gnolls (D:3)
  3 adders
  A worm (D:2)
  3 giant geckos
  3 oozes
  3 orcs (D:3)
  A ball python (D:1)
  2 bats (D:2)
  A giant cockroach (D:2)
  10 hobgoblins
  5 jackals
  3 quokkas
  4 giant newts
  7 goblins
  7 kobolds
  6 rats
  3 rat zombies (D:2)
65 creatures vanquished.
